 Dungeon Crawl Stone Soup version 0.26-a0-540-g8a0c9464d7 (webtiles) character file.

Game seed: 15553093658007321042

814 hickop the Grave Robber (level 7, 0/56 HPs)
             Began as a Hill Orc Necromancer on Aug 17, 2020.
             Was an Initiate of Beogh.
             Slain by a quasit (2 damage)
             ... on level 8 of the Dungeon.
             The game lasted 00:46:39 (8630 turns).

hickop the Grave Robber (Hill Orc Necromancer)      Turns: 8630, Time: 00:46:39

Health: 0/56       AC:  9    Str: 11      XL:     7   Next: 93%
Magic:  13/13      EV:  7    Int: 21      God:    Beogh [......]
Gold:   326        SH:  0    Dex:  7 (11) Spells: 13/14 levels left

rFire    . . .     SeeInvis .   l - +1 war axe
rCold    . . .     Faith    .   (no shield)
rNeg     . . .     Spirit   .   p - +0 chain mail
rPois    .         Reflect  .   (no helmet)
rElec    .         Harm     .   (no cloak)
rCorr    .         Rnd*Rage +   (no gloves)
MR       .....                  (no boots)
Stlth    ..........             (no amulet)
HPRegen  0.18/turn              (no ring)
MPRegen  0.13/turn              (no ring)

@: brilliant, studying Armour
A: repulsion field 1, berserk 1, clever 2
a: Renounce Religion


You were on level 8 of the Dungeon.
You worshipped Beogh.
Beogh was noncommittal.
You visited 1 branch of the dungeon, and saw 8 of its levels.

You collected 326 gold pieces.

Inventory:

Hand Weapons
 l - a +1 war axe (weapon)
 m - a +0 dagger
Missiles
 j - 15 poisoned darts (quivered)
Armour
 n - a +0 robe of resistance
 p - a +0 chain mail (worn)
Jewellery
 d - an uncursed ring of protection from cold {unknown}
 g - an uncursed amulet of guardian spirit {unknown}
 i - an uncursed ring of protection from magic
Wands
 a - a wand of polymorph (14)
Scrolls
 c - a scroll of enchant armour {unknown}
 s - a scroll of remove curse
Potions
 b - 2 potions of berserk rage {unknown}
 f - a potion of brilliance
 k - 2 potions of curing
 o - a potion of flight
 r - a potion of degeneration {unknown}
Books
 e - a manual of Armour


   Skills:
 + Level 2.9 Fighting
 + Level 3.4 Axes
 + Level 4.6 Armour
 - Level 1.5 Dodging
 - Level 1.5 Stealth
 + Level 4.0 Spellcasting
 + Level 5.8 Necromancy


You had 13 spell levels left.
You knew the following spells:

 Your Spells              Type           Power        Failure   Level
a - Pain                  Necr           ####         41%         1

Your spell library contained the following spells:

 Spells                   Type           Power        Failure   Level
 Animate Skeleton         Necr           #####.       41%         1
 Vampiric Draining        Necr           #####.....   80%         3
 Animate Dead             Necr           #####.....   99%         4
 Agony                    Necr           #####...     100%        5


Dungeon Overview and Level Annotations

Branches:
Dungeon (9/15)             Temple (0/1) D:5
   Lair: D:8-11         Orc: D:9-12

Altars:
Cheibriados
Dithmenos
Nemelex Xobeh
Okawaru
Vehumet
Wu Jian
The Shining One

Shops:
D:8 =   D:9 ?


Innate Abilities, Weirdness & Mutations

You are surrounded by a mild repulsion field. (EV +2)
You tend to lose your temper in combat.
Your mind is very acute. (Int +4)


Message History

* * * LOW HITPOINT WARNING * * *
You feel clumsy.
The quasit claws you but does no damage. x2
An orc comes into view. It is wielding a -2 dagger.
The quasit completely misses you.
The quasit claws you but does no damage.
The quasit closely misses you.
Your magical contamination has completely faded away.
You closely miss the quasit.
The orc shouts!
The quasit completely misses you. The quasit closely misses you. x2
The orc wizard gestures at you while chanting.
The magic dart hits you but does no damage.
An orc comes into view. It is wielding a +0 club.
You barely miss the quasit.
The orc shouts!
The quasit bites you but does no damage.
The quasit claws you but does no damage. x2
The quasit bites you.
You die...

#########
#..5....#
#..####.####
##⌠.⌠.5.....#
...∩..##.##.#
...#⌠5⌠.##.##5#
#...#.#####.##5#
### #5>.....##@#
##########.# #..
.... ##o.. ..##
..# o##


You could see an orc wizard, a quasit, a white imp and an orc.

Vanquished Creatures
  A centaur (D:5)
  4 scorpions
  A howler monkey (D:3)
  A centaur zombie (D:5)
  2 hounds
  An orc priest (D:5)
  An iguana (D:4)
  Ijyb (D:3)
  A worker ant (D:5)
  3 orc wizards
  A hound zombie (D:5)
  2 adders
  4 gnolls
  An ooze (D:2)
  A worm (D:3)
  3 dart slugs
  6 leopard geckos
  13 orcs
  9 giant cockroaches
  10 hobgoblins
  10 jackals
  7 quokkas
  10 bats
  5 frilled lizards
  7 goblins
  16 kobolds
  7 rats
128 creatures vanquished.

Vanquished Creatures (others)
  An orc (D:3)
  A hobgoblin (D:3)
  A kobold (D:3)
  A rat (D:3)
4 creatures vanquished.

Grand Total: 132 creatures vanquished

Notes
Turn   | Place    | Note
-------+----------+-------------------------------------------
     0 | D:1      | hickop the Hill Orc Necromancer began the quest for the
                  | Orb.
     0 | D:1      | Reached XP level 1. HP: 14/14 MP: 3/3
   707 | D:1      | Reached XP level 2. HP: 20/20 MP: 2/4
  1340 | D:1      | Reached XP level 3. HP: 27/27 MP: 3/5
  2252 | D:2      | Reached skill level 1 in Armour
  2372 | D:2      | Reached skill level 1 in Fighting
  2452 | D:2      | Found a sparkling altar of Nemelex Xobeh.
  2487 | D:2      | Reached XP level 4. HP: 32/35 MP: 2/7
  3213 | D:2      | Reached skill level 5 in Necromancy
  3213 | D:2      | Reached XP level 5. HP: 29/40 MP: 4/8
  4564 | D:3      | Found a snail-covered altar of Cheibriados.
  4651 | D:3      | Noticed Ijyb
  4662 | D:3      | Killed Ijyb
  4765 | D:2      | Reached XP level 6. HP: 19/48 MP: 4/10
  4768 | D:2      | Gained mutation: Your mind is acute. (Int +2) [potion of
                  | mutation]
  4768 | D:2      | Gained mutation: You tend to lose your temper in combat.
                  | [potion of mutation]
  4768 | D:2      | Gained mutation: You are surrounded by a mild repulsion
                  | field. (EV +2) [potion of mutation]
  4768 | D:2      | Gained mutation: Your mind is very acute. (Int +4) [potion
                  | of mutation]
  5117 | D:3      | Became a worshipper of Beogh the Brigand
  5294 | D:3      | Found an iron altar of Okawaru.
  5454 | D:3      | Found a radiant altar of Vehumet.
  5649 | D:4      | Noticed a phantom
  6101 | D:4      | You fall into a shaft and drop 1 floor!
  6101 | D:5      | Entered Level 5 of the Dungeon
  6116 | D:5      | Found a staircase to the Ecumenical Temple.
  6362 | D:5      | Found a glowing golden altar of the Shining One.
  6378 | D:5      | Noticed a phantom
  6417 | D:4      | Reached skill level 1 in Axes
  6642 | D:4      | Reached XP level 7. HP: 23/56 MP: 7/12
  8060 | D:5      | Found an ornate altar of the Wu Jian Council.
  8531 | D:6      | You fall into a shaft and drop 3 floors!
  8531 | D:9      | Found a shadowy altar of Dithmenos.
  8534 | D:9      | Noticed a troll
  8582 | D:9      | Noticed a two-headed ogre
  8591 | D:9      | Noticed a troll
  8607 | D:9      | Found Maatuuf's Magic Scroll Boutique.
  8614 | D:8      | Found Jeil's Jewellery Shop.
  8614 | D:8      | HP: 1/56 [white imp (4)]
  8628 | D:8      | HP: 1/56 [quasit (2)]
  8630 | D:8      | Slain by a quasit

Illustrated notes

Levels and vault maps discovered:
D:1:      shiori_arrival_oz, layout_basic
D:2:      layout_loops_ring, nemelex_xobeh_ov_fountains_minmay
D:3:      layout_basic, okawaru_gym_becter, cheibriados_altar_1,
          vehumet_crystals, minmay_fractal_squares_diagonal_5, uniq_ijyb
D:4:      layout_rooms, minmay_manual_mess
D:5:      layout_layer_cave, overflow_temple_1_default,
          minmay_temple_entry_sparse_star, tso_metal_star
D:6:      layout_basic
D:8:      layout_loops_cross, serial_shops, shop_fountains,
          nicolae_shop_crystal, shop, nicolae_shop_stone
D:9:      layout_cave_pools, gammafunk_temple_overflow_wave,
          lemuel_blue_sif_altar, lemuel_crystal_altar, makhleb_grotto_becter,
          lemuel_doored_altar, erik_orc_1, serial_column_ruins,
          column_ruins_open_medium, column_ruins_open_tiny,
          column_ruins_columns_corner, column_ruins_open_large,
          column_ruins_open_tiny, serial_shops, kennysheep_mini, shop,
          nicolae_shop_crystal, nicolae_shop_statue_plus

Skill      XL: |  1  2  3  4  5  6  7 |
---------------+----------------------+-----
Spellcasting   | 2 3 4 |  4.0
Armour         | 1 2 3 4 |  4.6
Fighting       | 1 2 |  2.9
Necromancy     | 5 |  5.8
Axes           | 1 3 |  3.4
Dodging        | |  1.5
Stealth        | |  1.5

Action                   |  1- 3 |  4- 6 |  7- 9 || total
-------------------------+-------+-------+-------++-------
Melee: Mace              |    13 |       |       ||    13
       Dagger            |     7 |       |       ||     7
       Whip              |    40 |   132 |       ||   172
       War axe           |       |    46 |    55 ||   101
       Hand axe          |       |    21 |       ||    21
Throw: Stone             |     6 |       |       ||     6
       Dart              |     1 |       |       ||     1
 Cast: Pain              |    52 |   121 |    32 ||   205
Invok: Convert to Beogh  |       |     1 |       ||     1
  Use: Scroll            |       |     8 |     2 ||    10
       Potion            |       |     3 |     5 ||     8
Armor: Robe              |    13 |       |       ||    13
       Leather armour    |     4 |    13 |       ||    17
       Ring mail         |       |   110 |     3 ||   113
       Skin              |       |    32 |       ||    32
       Chain mail        |       |       |    82 ||    82
Dodge: Dodged            |    51 |   210 |    73 ||   334

Table legend: (Time is in decaauts)
 A = Elapsed time spent in this place.
 B = Non-inter-level travel time spent in this place.
 C = Inter-level travel time spent in this place.
 D = Time resting spent in this place.
 E = Time spent auto-exploring this place.
 F = Levels seen in this place.
 G = Mean time per level.
                   A        B        C        D        E       F      G
               +--------+--------+--------+--------+--------+-----+--------+
         Total |   8726 |   8575 |    151 |   3748 |   2941 |   8 | 1090.8 |
       Dungeon |   8726 |   8575 |    151 |   3748 |   2941 |   8 | 1090.8 |
               +--------+--------+--------+--------+--------+-----+--------+

Top non-repeatable levels by time:
     D:2: 2351 daAuts
     D:1: 2248 daAuts
     D:5: 1658 daAuts
     D:4: 1289 daAuts
     D:3: 1075 daAuts
     D:9: 81 daAuts
     D:8: 17 daAuts
     D:6: 3 daAuts
